AoeStats
← estefanichka

Arabia

507916338Analyzed
1v1 RM · 11d ago on Sep 20, 2026· 37m 47s· 2 players
Game mode
Random Map
Map size
Tiny (2 player)
Population
200
Speed
Normal
Resources
Standard
Victory
Conquest
Starting age
Dark Age
Ending age
Imperial Age
RankedLock teamsTeams togetherTeam positionsShared explorationLock speedFull tech treeHidden civsTurbo modeCheats
Victory
Defeat
🇸🇰 Hindustanis · Slovakia
992
+14
🇺🇸 Berbers · United States
941
-14
estefanichka
11:49 Feudal Age
13:06 Loom
13:46 Horse Collar
16:34 Castle Age
15:40 Double-Bit Axe
19:00 Bow Saw
25:51 Bloodlines
26:29 Forging
27:46 Iron Casting
29:38 Fletching
31:37 Thumb Ring
34:14 Bodkin Arrow
38:19 Imperial Age
36:34 Ballistics
36:26 Masonry
hargi
8:19 Loom
10:38 Feudal Age
16:53 Castle Age
14:52 Double-Bit Axe
16:28 Horse Collar
20:05 Bloodlines
20:56 Stone Mining
20:57 Gold Mining
23:51 Heavy Plow
25:07 Husbandry
26:13 Wheelbarrow
26:44 Fletching
29:21 Grand Trunk Road
29:36 Squires
29:45 Scale Mail Armor
29:58 Forging
30:31 Hand Cart
31:02 Gold Shaft Mining
31:31 Chain Mail Armor
35:50 Imperial Age
36:25 Stone Shaft Mining
36:21 Light Cavalry
37:01 Husbandry
37:52 Iron Casting
37:24 Scale Barding Armor
38:02 Conscription
Connection lost

Rejoining the realm…

Still unreachable

The connection could not be restored.

Session expired

The server has moved on; the page needs a fresh start.